 Dungeon Crawl Stone Soup version 0.29.1-13-g9f3cf754e1 (webtiles) character file.

Game seed: 18040668330170455009

162 Priul the Grave Robber (level 5, -1/28 HPs)
             Began as a Deep Elf Necromancer on Feb 8, 2023.
             Slain by a white imp (4 damage)
             ... on level 3 of the Dungeon.
             The game lasted 00:06:21 (1392 turns).

Priul the Grave Robber (Deep Elf Necromancer)       Turns: 1392, Time: 00:06:21

Health: -1/28      AC:  3    Str:  5    XL:     5   Next: 19%
Magic:  10/13      EV: 12    Int: 22    God:
Gold:   52         SH:  0    Dex: 15    Spells: 5/13 levels left

rFire   x . .      SeeInvis .   l - +0 dagger
rCold   + . .      Faith    .   (no shield)
rNeg    . . .      Spirit   .   a - +0 robe
rPois   .          Reflect  .   (no helmet)
rElec   .          Harm     .   (no cloak)
rCorr   .          Rampage  .   (no gloves)
Will    .....                   i - +0 pair of boots
Stlth   ++........              (no amulet)
HPRegen 0.09/turn               c - ring of ice
MPRegen 0.13/turn               (no ring)

@: no status effects
A: no striking features
a: no special abilities


You were on level 3 of the Dungeon.
You visited 1 branch of the dungeon, and saw 4 of its levels.

You collected 52 gold pieces.

Inventory:

Hand Weapons
 l - a +0 dagger (weapon)
Armour
 a - a +0 robe (worn)
 i - a +0 pair of boots (worn)
Jewellery
 c - a ring of ice (left hand)
Scrolls
 f - a scroll of enchant armour {unknown}
 g - a scroll of amnesia {unknown}
 m - a scroll of enchant weapon {unknown}
 n - 2 scrolls of identify {unknown}
Potions
 b - a potion of magic
 d - a potion of brilliance {unknown}
 e - a potion of curing {unknown}
 h - a potion of invisibility {unknown}
 j - a potion of heal wounds {unknown}
 k - 2 potions of haste {unknown}


   Skills:
 + Level 2.6 Dodging
 + Level 2.5 Stealth
 + Level 4.5 Spellcasting
 + Level 7.1 Necromancy


You had 5 spell levels left.
You knew the following spells:

 Your Spells              Type           Power      Damage    Failure   Level
a - Necrotise             Necr           100%       1d9       1%          1
b - Vampiric Draining     Necr           36%        2d8       1%          3
c - Animate Dead          Necr           36%        N/A       6%          4

Your spell library contained the following spells:

 Spells                   Type           Power      Damage    Failure   Level
 Agony                    Necr           36%        N/A       16%         5


Dungeon Overview and Level Annotations

Branches:
Dungeon (4/15)
 Temple: D:4-7

Altars:

Annotations:
D:4 Pikel


Message History

Aim: a white imp (not susceptible)
The white imp is unaffected.
Aiming: Necrotise (safe; 1% risk of failure)
Press: ? - help, Q - select action, (/) - cycle Shift-Dir - straight line, f/p - white imp
Aim: a white imp (not susceptible)
Okay, then.
The white imp gestures at you. The puff of frost hits you. You resist.
The white imp hits you but does no damage.
You closely miss the white imp. The white imp barely misses you.
You barely miss the white imp. The white imp gestures at you.
The puff of frost hits you. You resist.
You hit the white imp but do no damage. The white imp barely misses you.
You hit the white imp but do no damage. The white imp hits you.
The white imp freezes you. You resist.
You hit the white imp but do no damage.
The white imp hits you but does no damage.
You hit the white imp but do no damage. The white imp closely misses you.
You hit the white imp but do no damage. The white imp spits at you.
The white imp closely misses you.
You hit the white imp.
The white imp is heavily wounded.
The white imp gestures at you. The puff of frost hits you. You resist.
* * * LOW HITPOINT WARNING * * *
You barely miss the white imp.
The white imp is heavily wounded.
The white imp barely misses you.
You closely miss the white imp.
The white imp is heavily wounded.
The white imp hits you.
* * * LOW HITPOINT WARNING * * *
The white imp freezes you. You resist.
* * * LOW HITPOINT WARNING * * *
You barely miss the white imp.
The white imp is heavily wounded.
The white imp hits you.
You die...

#.........
##5#.#####.
###### #..#.# .
#....###....# ..
#....##...### ...
#...$##.#.#
....#....##.#.#
.........#..#.###
....#...@#.##.).#
### #....5.####Z#
#####.## #.#
#.#####.#
#....Z..#
#########


You could see a white imp.

Vanquished Creatures
  A scorpion (D:3)
  An iguana (D:4)
  Terence (D:2)
  2 adders (D:2)
  A worm (D:2)
  A dart slug (D:2)
  2 endoplasms
  A hobgoblin (D:1)
  A quokka (D:1)
  A ball python (D:1)
  5 bats
  2 frilled lizards
  8 goblins
  2 kobolds
  2 rats (D:1)
31 creatures vanquished.

Vanquished Creatures (collateral kills)
  2 frilled lizards
  A kobold (D:2)
3 creatures vanquished.

Vanquished Creatures (others)
  A goblin zombie (D:4)
1 creature vanquished.

Grand Total: 35 creatures vanquished

Notes
Turn   | Place    | Note
-------+----------+-------------------------------------------
     0 | D:1      | Priul the Deep Elf Necromancer began the quest for the Orb.
     0 | D:1      | Reached XP level 1. HP: 10/10 MP: 6/6
   128 | D:1      | Reached skill level 5 in Necromancy
   393 | D:1      | Reached XP level 2. HP: 15/15 MP: 6/8
   558 | D:1      | Found a faded altar of an unknown god.
   823 | D:2      | Reached XP level 3. HP: 19/19 MP: 0/10
  1009 | D:2      | Noticed Terence
  1027 | D:2      | Killed Terence
  1028 | D:2      | Reached skill level 6 in Necromancy
  1028 | D:2      | Reached XP level 4. HP: 24/24 MP: 4/12
  1032 | D:2      | Learned a level 3 spell: Vampiric Draining
  1037 | D:2      | Learned a level 4 spell: Animate Dead
  1099 | D:2      | You fall into a shaft and drop 2 floors!
  1101 | D:4      | Noticed Pikel
  1101 | D:4      | Noticed a lemure
  1297 | D:4      | Noticed a scorpion
  1308 | D:3      | Killed a scorpion
  1309 | D:3      | Reached skill level 7 in Necromancy
  1309 | D:3      | Reached XP level 5. HP: 20/28 MP: 6/13
  1392 | D:3      | Slain by a white imp

Illustrated notes

Levels and vault maps discovered:
D:1:      saegor_arrival_miasma, layout_basic, basic_ecumenical_altar,
          corexii_corridor_pit, st_stairs_14
D:2:      layout_rooms, minmay_surrounded, uniq_terence
D:3:      layout_basic, overflow_temple_1_default, uniq_grinder
D:4:      layout_cave_pools, nicolae_hexahallways,
          hangedman_abyss_or_decor_stabs, uniq_pikel, uniq_ijyb

Skill      XL: |  1  2  3  4 |
---------------+-------------+-----
Necromancy     | 5 6 7 |  7.1
Spellcasting   | 4 |  4.5
Dodging        | |  2.6
Stealth        | |  2.5

Action                   |  1- 3 |  4- 6 || total
-------------------------+-------+-------++-------
Melee: Dagger            |       |    11 ||    11
 Cast: Necrotise         |    53 |    14 ||    67
       Vampiric Draining |       |     2 ||     2
       Animate Dead      |       |     1 ||     1
Armor: Robe              |       |     4 ||     4
Dodge: Dodged            |     7 |    10 ||    17
